HSSL
OKLAHOMA CITY HS MAGICIANS @ JACKSON HS SWAMP BATS
04/07/2028
 
TOP OF THE 1ST
Oklahoma City HS Magicians batting - Pitching for Jackson HS Swamp Bats : RHP David Miller
Pitching: RHP David Miller
Batting: RHB Billy Gray 0-0: SINGLE (Groundball, 25) (infield hit)
Batting: LHB Andrew Chambers 0-0: Ball
Billy Gray is caught stealing 2nd base
1-0: Ball
2-0: Called Strike
2-1: Ball
3-1: Base on Balls
Batting: LHB Geoff May 0-0: Ball
1-0: Called Strike
1-1: Ball
2-1: Ball
3-1: Called Strike
3-2: Strikes out swinging
Batting: RHB Darrell Krieger 0-0: SINGLE (Line Drive, 34D)
Andrew Chambers to second
Batting: LHB Marcus Hussey 0-0: Ball
1-0: Foul Ball, location: 2F
1-1: Ball
2-1: SINGLE (Groundball, 3) (infield hit)
Andrew Chambers to third
Darrell Krieger to second
Batting: SHB Lee Oliver 0-0: Ball
1-0: Ball
2-0: Foul Ball, location: 2F
2-1: Foul Ball, location: 2F
2-2: DOUBLE (Line Drive, 89XD)
Andrew Chambers scores
Darrell Krieger scores
Marcus Hussey to third
Runner from 3rd tries for Home, SAFE, no throw
Batting: SHB Ron Robinson 0-0: Called Strike
0-1: SINGLE (Groundball, 6D)
Lee Oliver to third
Runner from 3rd tries for Home, SAFE, no throw
Batting: RHB Jeffrey Ball 0-0: Ball
1-0: Called Strike
1-1: Ball
2-1: Ball
3-1: Called Strike
3-2: Base on Balls
Ron Robinson to second
Batting: LHB Jason Thomas Balk!
Ron Robinson to third
Jeffrey Ball to second
0-0: Ground out 1-3 (Groundball, 13)
Top of the 1st over - 4 run(s), 5 hit(s), 0 error(s), 2 left on base; Oklahoma City HS 4 - Jackson HS 0
BOTTOM OF THE 1ST
Jackson HS Swamp Bats batting - Pitching for Oklahoma City HS Magicians : RHP Corey Brown
Pitching: RHP Corey Brown
Batting: RHB Dan Crowder 0-0: Called Strike
0-1: Swinging Strike
0-2: Ground out 4-3 (Groundball, 4)
Batting: RHB Kevin Wilson 0-0: Ball
1-0: Foul Ball, location: 2F
1-1: Foul Ball, location: 2F
1-2: Ball
2-2: Ball
3-2: Base on Balls
Batting: RHB Jonathan Smith 0-0: Ball
1-0: Ball
2-0: Called Strike
2-1: SINGLE (Line Drive, 89S)
Kevin Wilson to second
Runner from 2nd tries for 3rd, SAFE, throw made to third
Batting: RHB Julián García 0-0: Ball
1-0: Reached on error, E5 (Groundball, 56)
Kevin Wilson scores
Jonathan Smith to second
Batting: LHB Harry McAndrew 0-0: Fielders Choice at 2nd, 3-6 (Groundball, 34)
Jonathan Smith to third
Batting: RHB Brandon Davis 0-0: Called Strike
0-1: Ball
1-1: Swinging Strike
1-2: Foul Ball, location: 2F
1-2: Fielders Choice at 2nd, 6-4 (Groundball, 6)
Bottom of the 1st over - 1 run(s), 1 hit(s), 1 error(s), 1 left on base; Oklahoma City HS 4 - Jackson HS 1
TOP OF THE 2ND
Oklahoma City HS Magicians batting - Pitching for Jackson HS Swamp Bats : RHP David Miller
Batting: RHB Billy Gray 0-0: Called Strike
0-1: Swinging Strike
0-2: Ball
1-2: Ground out 5-3 (Groundball, 56)
Batting: LHB Andrew Chambers 0-0: Called Strike
0-1: Ball
1-1: Ball
2-1: DOUBLE (Flyball, 8LD)
Batting: LHB Geoff May 0-0: Called Strike
0-1: Ball
1-1: Foul Ball, location: 2F
1-2: Foul Ball, location: 2F
1-2: Ball
2-2: Foul Ball, location: 2F
2-2: Foul Ball, location: 2F
2-2: Ball
3-2: SINGLE (Line Drive, 56)
Andrew Chambers to third
Runner from 3rd tries for Home, SAFE, no throw
Batting: RHB Darrell Krieger 0-0: Ball
1-0: Grounds into double play, 6-4-3 (Groundball, 6)
Top of the 2nd over - 1 run(s), 2 hit(s), 0 error(s), 0 left on base; Oklahoma City HS 5 - Jackson HS 1
BOTTOM OF THE 2ND
Jackson HS Swamp Bats batting - Pitching for Oklahoma City HS Magicians : RHP Corey Brown
Batting: RHB Mark May 0-0: Ball
1-0: Ground out 5-3 (Groundball, 56)
Batting: RHB Ken Case 0-0: SINGLE (Groundball, 34D)
Batting: RHB Brendon Bachman 0-0: Called Strike
0-1: Swinging Strike
0-2: Strikes out looking
Batting: RHB Dan Crowder 0-0: Ball
1-0: Called Strike
1-1: Swinging Strike
1-2: Strikes out swinging
Bottom of the 2nd over - 0 run(s), 1 hit(s), 0 error(s), 1 left on base; Oklahoma City HS 5 - Jackson HS 1
TOP OF THE 3RD
Oklahoma City HS Magicians batting - Pitching for Jackson HS Swamp Bats : RHP David Miller
Batting: LHB Marcus Hussey 0-0: Called Strike
0-1: Swinging Strike
0-2: Foul Ball, location: 2F
0-2: Strikes out swinging
Batting: SHB Lee Oliver 0-0: Foul Ball, location: 2F
0-1: Foul Ball, location: 2F
0-2: Ball
1-2: Foul Ball, location: 2F
1-2: Ball
2-2: Foul Ball, location: 2F
2-2: Foul Ball, location: 2F
2-2: Foul Ball, location: 2F
2-2: Fly out, F8 (Flyball, 8RS)
Batting: SHB Ron Robinson 0-0: Foul Ball, location: 2F
0-1: Swinging Strike
0-2: Ball
1-2: Ball
2-2: Ball
3-2: Fly out, F5 (Popup, 5S)
Top of the 3rd over - 0 run(s), 0 hit(s), 0 error(s), 0 left on base; Oklahoma City HS 5 - Jackson HS 1
BOTTOM OF THE 3RD
Jackson HS Swamp Bats batting - Pitching for Oklahoma City HS Magicians : RHP Corey Brown
Batting: RHB Kevin Wilson 0-0: Foul Ball, location: 2F
0-1: Called Strike
0-2: Strikes out swinging
Batting: RHB Jonathan Smith 0-0: Swinging Strike
0-1: Ball
1-1: Foul Ball, location: 2F
1-2: Foul Ball, location: 2F
1-2: Strikes out swinging
Batting: RHB Julián García 0-0: Ball
1-0: Called Strike
1-1: Ball
2-1: Fly out, F5 (Line Drive, 56)
Bottom of the 3rd over - 0 run(s), 0 hit(s), 0 error(s), 0 left on base; Oklahoma City HS 5 - Jackson HS 1
TOP OF THE 4TH
Oklahoma City HS Magicians batting - Pitching for Jackson HS Swamp Bats : RHP David Miller
Batting: RHB Jeffrey Ball 0-0: Ball
1-0: SINGLE (Line Drive, 34D)
Batting: LHB Jason Thomas 0-0: Ball
Jeffrey Ball steals 2nd base
1-0: Fly out, F8 (Flyball, 89M)
Runner from 2nd tags up, SAFE at 3rd with throw
Batting: RHB Billy Gray 0-0: Ball
1-0: Swinging Strike
1-1: Foul Ball, location: 2F
1-2: Ground out 6-3 (Groundball, 6)
Jeffrey Ball scores
Batting: LHB Andrew Chambers 0-0: Swinging Strike
0-1: Ball
1-1: Ball
2-1: Ball
3-1: Called Strike
3-2: Strikes out swinging
Top of the 4th over - 1 run(s), 1 hit(s), 0 error(s), 0 left on base; Oklahoma City HS 6 - Jackson HS 1
BOTTOM OF THE 4TH
Jackson HS Swamp Bats batting - Pitching for Oklahoma City HS Magicians : RHP Corey Brown
Batting: LHB Harry McAndrew 0-0: Ball
1-0: Called Strike
1-1: Foul Ball, location: 2F
1-2: SINGLE (Line Drive, 9LM)
Batting: RHB Brandon Davis 0-0: Ball
1-0: Swinging Strike
1-1: Foul Ball, location: 2F
1-2: Ball
2-2: Foul Ball, location: 2F
2-2: Strikes out swinging
Batting: RHB Mark May 0-0: SINGLE (Flyball, 8LS)
Harry McAndrew to second
Batting: RHB Ken Case 0-0: Ball
1-0: Foul Ball, location: 2F
1-1: Ball
2-1: Swinging Strike
2-2: Foul Ball, location: 2F
2-2: Foul Ball, location: 2F
2-2: Strikes out swinging
Batting: RHB Brendon Bachman 0-0: Foul Ball, location: 2F
0-1: Called Strike
0-2: Ball
1-2: Foul Ball, location: 2F
1-2: Ball
2-2: Ball
3-2: Foul Ball, location: 2F
3-2: Ground out 1-3 (Groundball, 13)
Bottom of the 4th over - 0 run(s), 2 hit(s), 0 error(s), 2 left on base; Oklahoma City HS 6 - Jackson HS 1
TOP OF THE 5TH
Oklahoma City HS Magicians batting - Pitching for Jackson HS Swamp Bats : RHP David Miller
Pitching: RHP Eric Ryan
Batting: LHB Geoff May 0-0: Called Strike
0-1: Swinging Strike
0-2: Strikes out swinging
Batting: RHB Darrell Krieger 0-0: Ball
1-0: Ball
2-0: Ball
3-0: Base on Balls
Batting: LHB Marcus Hussey 0-0: Ball
1-0: Ball
2-0: Called Strike
2-1: Called Strike
2-2: Fielders Choice at 2nd, 3-6 (Groundball, 3)
Batting: SHB Lee Oliver 0-0: 2-RUN HOME RUN (Flyball, 9LD), Distance : 364 ft
Batting: SHB Ron Robinson 0-0: Called Strike
0-1: Called Strike
0-2: Foul Ball, location: 2F
0-2: Fly out, F7 (Flyball, 7)
Top of the 5th over - 2 run(s), 1 hit(s), 0 error(s), 0 left on base; Oklahoma City HS 8 - Jackson HS 1
BOTTOM OF THE 5TH
Jackson HS Swamp Bats batting - Pitching for Oklahoma City HS Magicians : RHP Corey Brown
Batting: RHB Dan Crowder 0-0: Called Strike
0-1: Called Strike
0-2: Ball
1-2: Single, Error in OF, E8, batter to second base
Batting: RHB Kevin Wilson 0-0: Ball
1-0: Foul Ball, location: 2F
1-1: 2-RUN HOME RUN (Flyball, 7D), Distance : 376 ft
Batting: RHB Jonathan Smith 0-0: Swinging Strike
0-1: Ball
1-1: SINGLE (Line Drive, 56D)
Batting: RHB Julián García 0-0: Ball
1-0: Called Strike
1-1: Foul Ball, location: 2F
1-2: Fly out, F8 (Line Drive, 8LD)
Pitching: RHP Dominic Duchesne
Batting: LHB Harry McAndrew Pickoff Throw to First - Out!
0-0: SINGLE (Flyball, 8LS)
Batting: RHB Brandon Davis 0-0: Called Strike
0-1: Ball
1-1: Ball
Wild Pitch!
Harry McAndrew to second
2-1: Foul Ball, location: 2F
2-2: Strikes out swinging
Bottom of the 5th over - 2 run(s), 4 hit(s), 1 error(s), 1 left on base; Oklahoma City HS 8 - Jackson HS 3
TOP OF THE 6TH
Oklahoma City HS Magicians batting - Pitching for Jackson HS Swamp Bats : RHP Eric Ryan
Pitching: RHP Carter Mortensen
Batting: RHB Jeffrey Ball 0-0: Ball
1-0: SINGLE (Flyball, 8RS)
Batting: LHB Jason Thomas 0-0: Ball
1-0: Ball
2-0: Ball
3-0: Called Strike
3-1: Swinging Strike
3-2: Base on Balls
Jeffrey Ball to second
Batting: RHB Billy Gray 0-0: Fly out, F8 (Flyball, 8LM)
Batting: LHB Andrew Chambers 0-0: Ball
1-0: Called Strike
1-1: Ball
2-1: Called Strike
2-2: Strikes out swinging
Batting: LHB Geoff May 0-0: Ball
1-0: Foul Ball, location: 2F
1-1: Swinging Strike
1-2: Ball
2-2: Foul Ball, location: 2F
2-2: Ball
3-2: Ground out 4-3 (Groundball, 34)
Top of the 6th over - 0 run(s), 1 hit(s), 0 error(s), 2 left on base; Oklahoma City HS 8 - Jackson HS 3
BOTTOM OF THE 6TH
Jackson HS Swamp Bats batting - Pitching for Oklahoma City HS Magicians : RHP Dominic Duchesne
Batting: RHB Mark May 0-0: Called Strike
0-1: Ball
1-1: Ball
2-1: Foul Ball, location: 2F
2-2: Strikes out swinging
Batting: RHB Ken Case 0-0: Ball
1-0: Called Strike
1-1: Fly out, F9 (Flyball, 9)
Batting: RHB Brendon Bachman 0-0: Ball
1-0: Foul Ball, location: 2F
1-1: Ball
2-1: SOLO HOME RUN (Flyball, 7D), Distance : 353 ft
Batting: RHB Dan Crowder 0-0: Ball
1-0: SINGLE (Groundball, 56D)
Batting: RHB Kevin Wilson 0-0: Called Strike
0-1: SINGLE (Groundball, 23) (infield hit)
Dan Crowder to second
Batting: RHB Jonathan Smith 0-0: Ball
1-0: Called Strike
1-1: Ball
2-1: Called Strike
2-2: SINGLE (Groundball, 56D)
Dan Crowder to third
Kevin Wilson to second
Runner from 3rd tries for Home, SAFE, no throw
Pitching: RHP Carlos Pineda
Batting: RHB Julián García 0-0: Foul Ball, location: 2F
0-1: Ball
1-1: Ball
2-1: Foul Ball, location: 2F
2-2: SINGLE (Groundball, 5) (infield hit)
Kevin Wilson to third
Jonathan Smith to second
Batting: LHB Harry McAndrew 0-0: Swinging Strike
0-1: Foul Ball, location: 2F
0-2: Foul Ball, location: 2F
0-2: Foul Ball, location: 2F
0-2: Strikes out swinging
Bottom of the 6th over - 2 run(s), 5 hit(s), 0 error(s), 3 left on base; Oklahoma City HS 8 - Jackson HS 5
TOP OF THE 7TH
Oklahoma City HS Magicians batting - Pitching for Jackson HS Swamp Bats : RHP Carter Mortensen
Batting: RHB Darrell Krieger 0-0: Called Strike
0-1: Ball
1-1: Foul Ball, location: 2F
1-2: Ball
2-2: Ball
3-2: Strikes out swinging
Batting: LHB Marcus Hussey 0-0: Called Strike
0-1: Ball
1-1: Foul Ball, location: 2F
1-2: Ball
2-2: Foul Ball, location: 2F
2-2: Ball
3-2: Base on Balls
Batting: SHB Lee Oliver 0-0: Ball
1-0: Called Strike
1-1: Foul Ball, location: 2F
1-2: Strikes out swinging
Batting: SHB Ron Robinson 0-0: Ground out U3 (Groundball, 34)
Top of the 7th over - 0 run(s), 0 hit(s), 0 error(s), 1 left on base; Oklahoma City HS 8 - Jackson HS 5
BOTTOM OF THE 7TH
Jackson HS Swamp Bats batting - Pitching for Oklahoma City HS Magicians : RHP Carlos Pineda
Batting: RHB Brandon Davis 0-0: Called Strike
0-1: Foul Ball, location: 2F
0-2: Foul Ball, location: 2F
0-2: Ground out 1-3 (Groundball, 15S)
Batting: RHB Mark May 0-0: Called Strike
0-1: Ball
1-1: Foul Ball, location: 2F
1-2: Foul Ball, location: 2F
1-2: Strikes out swinging
Batting: RHB Ken Case 0-0: Foul Ball, location: 2F
0-1: Hit by Pitch
Batting: RHB Brendon Bachman 0-0: Called Strike
0-1: Ball
1-1: Ball
2-1: SINGLE (Line Drive, 6M)
Ken Case to second
Batting: RHB Dan Crowder 0-0: Ball
1-0: Called Strike
1-1: Foul Ball, location: 2F
1-2: Fly out, F8 (Flyball, 8RM)
Bottom of the 7th over - 0 run(s), 1 hit(s), 0 error(s), 2 left on base; Oklahoma City HS 8 - Jackson HS 5
TOP OF THE 8TH
Oklahoma City HS Magicians batting - Pitching for Jackson HS Swamp Bats : RHP Carter Mortensen
Batting: RHB Jeffrey Ball 0-0: Ball
1-0: Ball
2-0: Ball
3-0: Called Strike
3-1: Swinging Strike
3-2: Strikes out swinging
Batting: LHB Jason Thomas 0-0: Swinging Strike
0-1: Ball
1-1: Foul Ball, location: 2F
1-2: Strikes out swinging
Batting: RHB Billy Gray 0-0: Foul Ball, location: 2F
0-1: SINGLE (Line Drive, 89S)
Pitching: LHP Jeff Holman
Batting: LHB Andrew Chambers 0-0: Ball
1-0: DOUBLE (Flyball, 8LXD)
Billy Gray to third
Runner from 3rd tries for Home, SAFE, no throw
Batting: LHB Geoff May 0-0: Fly out, F7 (Line Drive, 78M)
Top of the 8th over - 1 run(s), 2 hit(s), 0 error(s), 1 left on base; Oklahoma City HS 9 - Jackson HS 5
BOTTOM OF THE 8TH
Jackson HS Swamp Bats batting - Pitching for Oklahoma City HS Magicians : RHP Carlos Pineda
Batting: RHB Kevin Wilson 0-0: Called Strike
0-1: Called Strike
0-2: Strikes out swinging
Batting: RHB Jonathan Smith 0-0: Ball
1-0: Swinging Strike
1-1: Ball
2-1: Foul Ball, location: 2F
2-2: SINGLE (Groundball, 2L) (infield hit)
Batting: RHB Julián García 0-0: Fly out, F8 (Flyball, 8RM)
Batting: LHB Harry McAndrew 0-0: Foul Ball, location: 2F
0-1: Swinging Strike
0-2: Ball
1-2: Ball
2-2: Foul Ball, location: 2F
2-2: Ball
3-2: Base on Balls
Jonathan Smith to second
Pitching: RHP Clifford Sullivan
Batting: RHB Brandon Davis 0-0: Ball
1-0: Ball
2-0: Ball
3-0: Base on Balls
Jonathan Smith to third
Harry McAndrew to second
Batting: RHB Mark May 0-0: Ball
1-0: Called Strike
1-1: Ball
2-1: Ball
Wild Pitch!
Jonathan Smith scores
Harry McAndrew to third
Brandon Davis to second
3-1: Called Strike
3-2: Foul Ball, location: 2F
3-2: Base on Balls
Batting: RHB Ken Case 0-0: Foul Ball, location: 2F
0-1: Called Strike
0-2: Ball
1-2: Fly out, F9 (Flyball, 9LM)
Bottom of the 8th over - 1 run(s), 1 hit(s), 0 error(s), 3 left on base; Oklahoma City HS 9 - Jackson HS 6
TOP OF THE 9TH
Oklahoma City HS Magicians batting - Pitching for Jackson HS Swamp Bats : LHP Jeff Holman
Batting: RHB Darrell Krieger 0-0: Called Strike
0-1: Foul Ball, location: 2F
0-2: Strikes out swinging
Batting: LHB Marcus Hussey 0-0: Foul Ball, location: 2F
0-1: Ball
1-1: Fly out, F7 (Flyball, 7S)
Batting: SHB Lee Oliver 0-0: Called Strike
0-1: Ball
1-1: Foul Ball, location: 2F
1-2: Strikes out swinging
Top of the 9th over - 0 run(s), 0 hit(s), 0 error(s), 0 left on base; Oklahoma City HS 9 - Jackson HS 6
BOTTOM OF THE 9TH
Jackson HS Swamp Bats batting - Pitching for Oklahoma City HS Magicians : RHP Clifford Sullivan
Pitching: RHP Carlos Días
Batting: RHB Brendon Bachman 0-0: Ball
1-0: Called Strike
1-1: Called Strike
1-2: Strikes out swinging
Batting: RHB Dan Crowder 0-0: Ball
1-0: Called Strike
1-1: Foul Ball, location: 2F
1-2: DOUBLE (Flyball, 8LD)
Batting: RHB Kevin Wilson 0-0: Called Strike
0-1: Swinging Strike
0-2: Ball
1-2: Foul Ball, location: 2F
1-2: Ball
2-2: Ball
3-2: Foul Ball, location: 2F
3-2: Foul Ball, location: 2F
3-2: Base on Balls
Batting: RHB Jonathan Smith 0-0: Called Strike
0-1: SINGLE (Groundball, 6D)
Dan Crowder to third
Kevin Wilson to second
Runner from 3rd tries for Home, SAFE, no throw
Batting: RHB Julián García 0-0: Ball
1-0: Ball
Wild Pitch!
Kevin Wilson to third
Jonathan Smith to second
2-0: Foul Ball, location: 2F
2-1: Called Strike
2-2: Strikes out swinging
Pinch Hitting: LHB Brad Fuller 0-0: Foul Ball, location: 2F
0-1: Foul Ball, location: 2F
0-2: Strikes out looking
Bottom of the 9th over - 1 run(s), 2 hit(s), 0 error(s), 2 left on base; Oklahoma City HS 9 - Jackson HS 7
Tuesday, August 8th, 2017 - OOTP Baseball 17.12 Build 75